 Dungeon Crawl Stone Soup version 0.28-a0-919-g0b5b508569 (webtiles) character file.

Game seed: 18222737434062544095

150 timneilson the Covered (level 5, 0/33 HPs)
             Began as a Gargoyle Fighter on Nov 25, 2021.
             Slain by a scorpion (6 damage)
             ... on level 5 of the Dungeon.
             The game lasted 00:04:29 (2379 turns).

timneilson the Covered (Gargoyle Fighter)           Turns: 2379, Time: 00:04:29

Health: 0/33       AC: 12    Str: 20    XL:     5   Next: 32%
Magic:  5/5        EV: 10    Int:  9    God:
Gold:   157        SH:  4    Dex:  9    Spells: 4/4 levels left

rFire   . . .      SeeInvis .   a - +0 long sword
rCold   . . .      Faith    .   c - +0 buckler
rNeg    + . .      Spirit   .   b - +0 scale mail
rPois   ∞          Reflect  .   (no helmet)
rElec   +          Harm     .   (no cloak)
rCorr   .          Rampage  .   k - +0 pair of gloves
Will    .....                   (no boots)
Stlth   ..........              (no amulet)
HPRegen 0.11/turn               (no ring)
MPRegen 0.09/turn               (no ring)

@: no status effects
A: sickness immunity, AC +4, negative energy resistance 1, electricity
resistance, torment resistance 1, petrification resistance
a: no special abilities


You were on level 5 of the Dungeon.
You visited 1 branch of the dungeon, and saw 4 of its levels.

You collected 157 gold pieces.

Inventory:

Hand Weapons
 a - a +0 long sword (weapon)
Armour
 b - a +0 scale mail (worn)
 c - a +0 buckler (worn)
 k - a +0 pair of gloves (worn)
Jewellery
 f - a ring of ice
Potions
 d - a potion of might
 e - a potion of haste {unknown}
 g - a potion of ambrosia
 h - 2 potions of brilliance
 i - a potion of flight {unknown}
 j - a potion of degeneration {unknown}


   Skills:
 + Level 3.8 Fighting
 * Level 2.8 Long Blades
 * Level 4.4 Armour
 + Level 1.0 Dodging
 * Level 4.2 Shields


You had 4 spell levels left.
You didn't know any spells.
Your spell library contained the following spells:

 Spells                   Type           Power      Damage    Failure   Level
 Shock                    Conj/Air       0%         1d3       73%         1
 Swiftness                Air            0%         N/A       97%         3
 Airstrike                Air            0%         N/A       100%        4


Dungeon Overview and Level Annotations

Branches:
Dungeon (3/15)

Altars:


Innate Abilities, Weirdness & Mutations

You are immune to sickness and miasma.
Your stone body is resilient. (AC +4)
You are immune to poison.
You resist negative energy. (rN+)
You are resistant to electric shocks. (rElec)
You are resistant to unholy torment.
You are immune to petrification.


Message History

You slash the jelly!
Your hands burn!
The jelly is moderately wounded.
The jelly barely misses you.
You slash the jelly! The acid corrodes you!
Your hands burn!
The jelly is almost dead.
The jelly hits you but does no damage.
You hit the jelly but do no damage. The acid corrodes you!
Your hands burn!
The jelly is almost dead.
The jelly closely misses you.
You slash the jelly!
You kill the jelly!
Your Dodging skill increases to level 1!
A worm and a scorpion come into view.
Found 26 arrows.
You see here 26 arrows.
A howler monkey zombie comes into view.
The scorpion stings you but does no damage.
Found a scroll labelled COSIHU DUSO.
The scorpion stings you.
A centaur zombie comes into view.
The centaur zombie barely misses you.
The centaur zombie kicks you but does no damage.
The scorpion stings you.
You are no longer corroded.
The centaur zombie hits you. The centaur zombie closely misses you.
You hit the scorpion.
The scorpion is moderately wounded.
The scorpion stings you!
The scorpion stings you but does no damage.
You barely miss the scorpion.
The scorpion is moderately wounded.
The scorpion stings you.
* * * LOW HITPOINT WARNING * * *
You slash the scorpion!
The scorpion is almost dead.
The scorpion closely misses you. The scorpion completely misses you.
You barely miss the scorpion.
The scorpion is almost dead.
The scorpion stings you.
You die...

#########################
............#....#......#
...##..#...#..#@#.....# .
.##..Z..#.#....#s#.#Z.##..#
.....##Z..#..#.#w..#.##..#
.............#.....#....##
.####..####.###.........#
#.## ##w# #.........# #.#
#..###..?......#
#(####....########+##
#..........#


You could see a worm and a scorpion.

Vanquished Creatures
  A scorpion (D:2)
  A jelly (D:5)
  2 adders (D:2)
  A worm (D:2)
  An orc (D:3)
  A bat (D:2)
  3 endoplasms (D:1)
  3 giant cockroaches
  2 goblins
  3 hobgoblins
  2 jackals (D:2)
  A quokka (D:1)
  3 ball pythons
  2 frilled lizards
  3 kobolds (D:2)
  8 rats
37 creatures vanquished.

Notes
Turn   | Place    | Note
-------+----------+-------------------------------------------
     0 | D:1      | timneilson the Gargoyle Fighter began the quest for the
                  | Orb.
     0 | D:1      | Reached XP level 1. HP: 14/14 MP: 1/1
   126 | D:1      | Found a faded altar of an unknown god.
   382 | D:1      | Reached XP level 2. HP: 19/19 MP: 2/2
  1112 | D:2      | Reached XP level 3. HP: 19/23 MP: 3/3
  1810 | D:3      | Noticed a scorpion
  2114 | D:2      | Killed a scorpion
  2115 | D:2      | Reached XP level 4. HP: 16/29 MP: 4/4
  2115 | D:2      | Reached XP level 5. HP: 19/33 MP: 5/5
  2330 | D:3      | You fall into a shaft and drop 2 floors!
  2330 | D:5      | Entered Level 5 of the Dungeon
  2339 | D:5      | Reached skill level 1 in Dodging
  2379 | D:5      | Slain by a scorpion

Illustrated notes

Levels and vault maps discovered:
D:1:      grunt_arrival_lava_bath, layout_basic,
          hellmonk_ecumenical_altar_run_dry
D:2:      layout_loops_ring
D:3:      layout_rooms
D:5:      minmay_thinvault, layout_gridville, nicolae_sif_muna_condensation,
          xom_redecorated, kiku_gazebo_pond_becter

Skill      XL: |  1  2  3  4  5 |
---------------+----------------+-----
Long Blades    | 2 |  2.8
Armour         | 4 |  4.4
Shields        | 4 |  4.2
Dodging        | 1 |  1.0
Fighting       | |  3.8

Action                   |  1- 3 |  4- 6 || total
-------------------------+-------+-------++-------
Melee: Long sword        |   129 |    19 ||   148
  Use: Scroll            |     3 |       ||     3
Armor: Scale mail        |    91 |    11 ||   102
Dodge: Dodged            |    74 |    11 ||    85
Block: Buckler           |    32 |     1 ||    33

Table legend: (Time is in decaauts)
 A = Elapsed time spent in this place.
 B = Non-inter-level travel time spent in this place.
 C = Inter-level travel time spent in this place.
 D = Time resting spent in this place.
 E = Time spent auto-exploring this place.
 F = Levels seen in this place.
 G = Mean time per level.
                   A        B        C        D        E       F      G
               +--------+--------+--------+--------+--------+-----+--------+
         Total |   2425 |   2343 |     82 |    221 |   1685 |   4 |  606.2 |
       Dungeon |   2425 |   2343 |     82 |    221 |   1685 |   4 |  606.2 |
               +--------+--------+--------+--------+--------+-----+--------+

Top non-repeatable levels by time:
     D:1: 1015 daAuts
     D:2: 1003 daAuts
     D:3: 356 daAuts
     D:5: 50 daAuts
